 Dungeon Crawl Stone Soup version 0.24-a0-464-g6b2be6b8c7 (webtiles) character file.

Game seed: 3689711465917794573

26163 DasRunzen the Protected (level 12, -4/112 HPs)
             Began as a Minotaur Fighter on July 4, 2019.
             Was the Champion of Okawaru.
             Slain by a polar bear (11 damage)
             ... on level 6 of the Lair of Beasts.
             The game lasted 00:31:55 (11486 turns).

DasRunzen the Protected (Minotaur Fighter)         Turns: 11486, Time: 00:31:56

Health: -4/112     AC: 21    Str: 26    XL:     12   Next: 95%
Magic:  16/16      EV:  7    Int:  8    God:    Okawaru [******]
Gold:   844        SH: 14    Dex: 12    Spells: 11/11 levels left

rFire    + . .     SeeInvis .   a - +2 war axe
rCold    + . .     Gourm    .   c - +1 shield
rNeg     . . .     Faith    .   S - +2 plate armour {rC+}
rPois    .         Spirit   .   o - +1 hat
rElec    .         Reflect  .   (no cloak)
rCorr    .         Harm     .   (no gloves)
MR       ++...                  (no boots)
Stlth    ..........             m - amulet of regeneration
HPRegen  0.68/turn              R - ring of the Mage {Wiz MR++ Int+3}
MPRegen  0.15/turn              K - +3 ring of protection

@: lethally poisoned (-4 -> -5)
A: retaliatory headbutt, horns 2, agile 1, fire resistance 1
a: Heroism, Finesse, Renounce Religion


You were on level 6 of the Lair of Beasts.
You worshipped Okawaru.
Okawaru was exalted by your worship.
You were not hungry.

You visited 3 branches of the dungeon, and saw 16 of its levels.
You also visited: Sewer.

You collected 844 gold pieces.

Inventory:

Hand Weapons
 a - a +2 war axe (weapon)
 y - a +1 scimitar of flaming
Armour
 c - a +1 shield (worn)
 o - a +1 hat (worn)
 S - a +2 plate armour of cold resistance (worn)
Jewellery
 e - the amulet of Spite {*Corrode +Rage rN++}
   (You found it in a sewer)

   [amulet of rage]

   It greatly protects you from negative energy.
   It lets you go berserk.
   It may corrode you when you take damage.
 m - an amulet of regeneration (around neck)
 p - an uncursed ring of protection from magic
 r - an uncursed ring of stealth
 w - a +4 ring of evasion
 B - an uncursed ring of positive energy
 C - a +1 ring of protection
 F - a +2 ring of intelligence
 G - an uncursed ring of wizardry
 K - a +3 ring of protection (right hand)
 L - an uncursed amulet of magic regeneration
 O - a +1 ring of protection
 R - the ring of the Mage (left hand) {Wiz MR++ Int+3}
   (You found it on level 5 of the Lair of Beasts)

   [ring of wizardry]

   It improves your spell success rate.
   It affects your intelligence (+3).
   It affects your resistance to hostile enchantments.
Wands
 s - a wand of random effects (44)
 t - a wand of digging (9)
 v - a wand of iceblast (27)
 D - a wand of flame (17)
 E - a wand of acid (8)
 I - a wand of disintegration (12)
Scrolls
 b - 4 scrolls of fog
 g - 5 scrolls of identify
 j - 12 scrolls of remove curse
 n - 8 scrolls of teleportation
 u - 4 scrolls of magic mapping
 J - a scroll of vulnerability {unknown}
 N - a scroll of fear
 Q - a scroll of amnesia {unknown}
Potions
 d - 2 potions of might
 h - 5 potions of heal wounds
 i - 8 potions of curing
 k - 5 potions of flight
 q - a potion of lignification
 x - a potion of brilliance
 z - 4 potions of ambrosia
 A - a potion of berserk rage
 H - a potion of resistance
 M - a potion of invisibility
 P - a potion of haste {unknown}
Comestibles
 f - 24 rations
 l - 4 chunks of flesh


   Skills:
 + Level 12.1 Fighting
 + Level 7.7 Long Blades
 + Level 11.8 Axes
 + Level 12.1 Armour
 + Level 12.1 Shields
 + Level 7.9 Invocations


You had 11 spell levels left.
You didn't know any spells.
Your spell library contained the following spells:

 Spells                   Type           Power        Failure   Level  Hunger
 Poisonous Vapours        Pois/Air       #.....       95%         2    ###....
 Conjure Flame            Conj/Fire      #.......     99%         3    ####...
 Mephitic Cloud           Conj/Pois/Air  #.......     99%         3    ####...
 Cause Fear               Hex            #.........   100%        4    #####..
 Silence                  Hex/Air        #.........   100%        5    ######.
 Yara's Violent Unravell  Hex/Tmut       #.........   100%        5    ######.
 Deflect Missiles         Chrm/Air       #.........   100%        6    #######
 Freezing Cloud           Conj/Ice/Air   #.........   100%        6    #######
 Ring of Flames           Chrm/Fire      #.........   100%        7    #######
 Discord                  Hex            #.........   100%        8    #######


Dungeon Overview and Level Annotations

Branches:
Dungeon (9/15)             Temple (1/1) D:7            Lair (6/6) D:9
 Shoals (0/4) Lair:3        Snake (0/4) Lair:3
  Slime: Lair:5-6       Orc: D:9-12

Altars:
Ashenzari
Cheibriados
Dithmenos
Elyvilon
Fedhas
Gozag
Hepliaklqana
Kikubaaqudgha
Makhleb
Nemelex Xobeh
Okawaru
Qazlal
Ru
Sif Muna
Trog
Uskayaw
Vehumet
Wu Jian
Xom
Yredelemnul
Zin
The Shining One

Annotations:
Lair:2 1 runed translucent door, Ciosoule's ghost, journeyman FoFi


Innate Abilities, Weirdness & Mutations

You reflexively headbutt those who attack you in melee.
You have a pair of horns on your head.
You are agile. (Dex +2)
Your flesh is heat resistant. (rF+)


Message History

You barely miss the water moccasin.
Your headbutt misses the water moccasin.
The water moccasin is severely wounded.
You feel sick. The water moccasin barely misses you.
You slice the water moccasin!!
You kill the water moccasin!
Okawaru accepts your kill.
You feel sick.
You hit the polar bear but do no damage.
You feel sick. You block the polar bear's attack. x2
The polar bear claws you but does no damage.
You hit the polar bear.
The polar bear is lightly wounded.
You feel sick. You block the polar bear's attack. The polar bear claws you.
* * * LOW HITPOINT WARNING * * *
You block the polar bear's attack.
You hit the polar bear.
The polar bear is lightly wounded.
The polar bear bites you!
You die...

...#.## ..........#.....#
.#..#.####......#.###..##
.#.##..P##P....#..###..##
...............##...#...#
........................##
#..........รท..#...#P.P...#
#......####[#####.#.....##
##.##..# #.# ##h......#
####### ### #@#.P)####
####..## ###.# ###


You could see a polar bear.

Vanquished Creatures
  Rupert (Lair:6)
  A hydra (Lair:5)
  Erica (D:9)
  2 sea snakes (Lair:6)
  6 elephants
  2 black mambas
  10 spiny frogs
  4 komodo dragons
  A rime drake (Lair:5)
  5 polar bears
  6 blink frogs
  Grinder (D:6)
  A hornet (D:9)
  11 hippogriffs
  A wyvern (Lair:2)
  A spriggan (D:7)
  A basilisk (Lair:5)
  18 yaks
  13 water moccasins
  10 porcupines
  A black bear (D:9)
  An ice beast (D:9)
  A sky beast (D:6)
  2 orc warriors
  A phantom (D:5)
  6 ogres
  A necrophage (D:6)
  2 centaurs
  4 wolves (Lair:2)
  5 crocodiles
  13 bullfrogs
  6 killer bees (D:9)
  3 howler monkeys
  2 centaur zombies
  5 jellies
  A quasit (D:8)
  3 orc priests
  2 crimson imps
  9 orc wizards
  A centaur skeleton (D:3)
  5 iguanas
  9 hell rats
  6 worker ants
  2 yak simulacra (Lair:3)
  A killer bee zombie (D:9)
  4 polar bear simulacra (Lair:3)
  A hound zombie (D:5)
  A worker ant zombie (D:8)
  17 adders
  3 oozes
  3 adder skeletons
  A worm (D:4)
  6 leopard geckos
  25 orcs
  10 giant cockroaches
  3 goblins
  4 hobgoblins
  10 jackals
  2 quokkas
  5 ball pythons
  2 bats
  9 frilled lizards
  3 kobolds
  A leopard gecko skeleton (D:5)
  A quokka skeleton (D:4)
  8 rats
  5 river rat simulacra (Lair:3)
  A fungus (Lair:2)
313 creatures vanquished.

Vanquished Creatures (others)
  A necromancer (Lair:3)
  2 fungi
  A plant (Lair:6)
4 creatures vanquished.

Grand Total: 317 creatures vanquished

Notes
Turn   | Place    | Note
-------+----------+-------------------------------------------
     0 | D:1      | DasRunzen the Minotaur Fighter began the quest for the Orb.
     0 | D:1      | Reached XP level 1. HP: 19/19 MP: 0/0
   443 | D:1      | Reached XP level 2. HP: 27/27 MP: 1/1
   660 | D:2      | Reached XP level 3. HP: 32/33 MP: 2/2
   975 | D:2      | Reached XP level 4. HP: 32/41 MP: 3/3
  1363 | D:3      | Found a glowing drain.
  1438 | Sewer    | Entered a sewer
  1446 | Sewer    | Reached XP level 5. HP: 42/47 MP: 4/4
  1686 | Sewer    | Got a glittering silver amulet
  1693 | Sewer    | Identified the amulet of Spite {*Corrode +Rage rN++} (You
                  | found it in a sewer)
  2293 | D:3      | Reached skill level 5 in Fighting
  2584 | D:4      | Reached skill level 5 in Armour
  2584 | D:4      | Reached skill level 5 in Shields
  2717 | D:4      | Reached XP level 6. HP: 56/56 MP: 5/5
  3291 | D:5      | Entered Level 5 of the Dungeon
  3396 | D:5      | Reached skill level 5 in Axes
  3396 | D:5      | Reached XP level 7. HP: 27/62 MP: 6/6
  3587 | D:5      | Found a glowing silver altar of Zin.
  3666 | D:5      | Found a shadowy altar of Dithmenos.
  4013 | D:5      | Reached XP level 8. HP: 16/71 MP: 7/7
  4181 | D:6      | Found a glowing golden altar of the Shining One.
  4351 | D:6      | Noticed a hippogriff
  4364 | D:6      | Killed a hippogriff
  4418 | D:6      | Noticed Grinder
  4430 | D:6      | Killed Grinder
  4506 | D:6      | Found a sparkling altar of Nemelex Xobeh.
  4615 | D:7      | Found a staircase to the Ecumenical Temple.
  4621 | Temple   | Entered the Ecumenical Temple
  4678 | Temple   | Became a worshipper of Warmaster Okawaru
  5021 | D:7      | Reached XP level 9. HP: 81/81 MP: 8/8
  5268 | D:8      | Reached skill level 1 in Invocations
  5565 | D:8      | Reached * piety under Okawaru
  6359 | D:9      | Got a pitted scale mail
  6370 | D:9      | Identified the cursed +0 scale mail of the Pit {rElec Str-4
                  | Dex+4} (You found it on level 9 of the Dungeon)
  6439 | D:9      | Reached ** piety under Okawaru
  6447 | D:9      | Found a staircase to the Lair.
  6523 | D:9      | Reached XP level 10. HP: 91/91 MP: 11/11
  6688 | D:9      | Noticed Erica
  6704 | D:9      | Killed Erica
  6704 | D:9      | Reached *** piety under Okawaru
  7094 | Lair:1   | Entered Level 1 of the Lair of Beasts
  7112 | Lair:1   | Noticed a spiny frog
  7119 | Lair:1   | Killed a spiny frog
  7119 | Lair:1   | Reached skill level 1 in Long Blades
  7212 | Lair:1   | Noticed a spiny frog
  7222 | Lair:1   | Killed a spiny frog
  7278 | Lair:1   | Reached skill level 10 in Fighting
  7278 | Lair:1   | Reached skill level 10 in Shields
  7314 | Lair:1   | Reached skill level 10 in Armour
  7426 | Lair:1   | Reached skill level 5 in Invocations
  7432 | Lair:1   | Reached **** piety under Okawaru
  7596 | Lair:2   | Noticed a spiny frog
  7598 | Lair:2   | Noticed a spiny frog
  7603 | Lair:2   | Killed a spiny frog
  7607 | Lair:2   | Killed a spiny frog
  7607 | Lair:2   | Reached XP level 11. HP: 94/100 MP: 13/13
  7670 | Lair:2   | Reached skill level 10 in Axes
  7800 | Lair:2   | Reached ***** piety under Okawaru
  7898 | Lair:2   | Found a runed translucent door.
  7898 | Lair:2   | Noticed Ciosoule's ghost (journeyman FoFi)
  8235 | Lair:2   | Gained mutation: You are agile. (Dex +2) [potion of
                  | mutation]
  8235 | Lair:2   | Gained mutation: Your flesh is heat resistant. (rF+)
                  | [potion of mutation]
  8549 | Lair:3   | Received a gift from Okawaru
  8611 | Lair:2   | Received a gift from Okawaru
  8611 | Lair:2   | Reached skill level 5 in Long Blades
  8897 | Lair:3   | Found a staircase to the Shoals.
  8940 | Lair:3   | Reached XP level 12. HP: 71/110 MP: 15/15
  8975 | Lair:3   | Found a staircase to the Snake Pit.
 10807 | Lair:5   | Got a brightly glowing battleaxe
 10814 | Lair:5   | Identified the cursed +0 battleaxe "Lowottio" {pain, Str+2}
                  | (You found it on level 5 of the Lair of Beasts)
 10824 | Lair:5   | Noticed an eight-headed hydra
 10834 | Lair:5   | Killed a three-headed hydra
 10834 | Lair:5   | Reached ****** piety under Okawaru
 11085 | Lair:5   | Found the ring of the Mage {Wiz MR++ Int+3}
 11206 | Lair:6   | Entered Level 6 of the Lair of Beasts
 11229 | Lair:6   | Noticed Rupert
 11257 | Lair:6   | Killed Rupert
 11273 | Lair:6   | Received a gift from Okawaru
 11471 | Lair:6   | HP: 4/112 [komodo dragon (15)]
 11486 | Lair:6   | Slain by a polar bear

Levels and vault maps discovered:
D:1:      wander_arrival_estate, layout_basic, minmay_misc_feat_tiny,
          minmay_bisected
D:2:      layout_basic
D:3:      layout_loops_corners, cheibrodos_sewer_entry_drain,
          hangedman_decor_clover_reticule
D:4:      layout_basic, first_ration
D:5:      layout_loops_ring, basic_altar, grunt_dithmenos_smoke_and_mirrors
D:6:      layout_gridville, tso_metal_star, nemelex_lonely_heart_becter,
          uniq_grinder
D:7:      layout_cave_pools, minmay_temple_entry_hall, the_bakery
D:8:      layout_layer_cave
D:9:      layout_irregular_city, grunt_lair_entry_orc_guard_hut,
          serial_bayou_crossing, uniq_erica
Temple:   roderic_octagonal_lattice_temple
Lair:1:   layout_roguey
Lair:2:   layout_chaotic_city, ebering_ghost_reflecting_pool,
          cheibrodos_lair_lostbears
Lair:3:   layout_misc_corridors, elwin_shoals_entry_rocks,
          eino_house_with_fridge, serial_bayou_shore_b
Lair:4:   layout_loops_ring, serial_forest, infiniplex_forest_end_1,
          infiniplex_forest_clump_small, infiniplex_forest_zigzag_2,
          infiniplex_forest_clump_medium
Lair:5:   layout_long_grid
Lair:6:   gammafunk_lair_ancient_temple, layout_loops_ring,
          minmay_slime_entry_oklob_enclosed, nicolae_quartered_pool_medium,
          uniq_rupert

Skill      XL: |  1  2  3  4  5  6  7  8  9 10 11 12 |
---------------+-------------------------------------+-----
Shields        | 4 5 6 8 9 10 11 12 | 12.1
Fighting       | 4 5 6 8 9 10 11 12 | 12.1
Armour         | 4 5 6 7 9 10 11 12 | 12.1
Axes           | 3 4 5 6 7 8 9 10 11 | 11.8
Invocations    | 3 5 6 7 |  7.9
Long Blades    | 2 5 7 |  7.7

Action                   |  1- 3 |  4- 6 |  7- 9 | 10-12 || total
-------------------------+-------+-------+-------+-------++-------
Melee: War axe           |    72 |   200 |   266 |   596 ||  1134
       Headbutt          |     4 |    27 |    35 |   148 ||   214
       Scimitar          |       |       |       |    17 ||    17
Invok: Heroism           |       |       |       |     1 ||     1
  Use: Scroll            |     3 |     7 |     5 |     8 ||    23
       Potion            |       |       |       |     3 ||     3
  Eat: Chunk             |       |     8 |     7 |    17 ||    32
       Ration            |       |       |     1 |       ||     1
Armor: Scale mail        |    30 |    44 |       |       ||    74
       Plate armour      |       |    57 |   146 |   334 ||   537
Dodge: Dodged            |    19 |    54 |    49 |   185 ||   307
Block: Shield            |    47 |   124 |   161 |   483 ||   815
       Rpst.: Scimitar   |       |       |       |     1 ||     1

Table legend:
 A = Non-vault XP
 B = Vault XP
 C = Vault XP percentage of total XP
 D = Non-vault monster count
 E = Vault monster count
 F = Vault count percentage of total count
                 A         B        C        D         E       F
            +---------+---------+-------+---------+---------+-------
      Total |   28446 |    8931 |  23.9 |     261 |      52 |  16.6
            +---------+---------+-------+---------+---------+-------
        D:1 |       9 |       4 |  30.8 |       6 |       3 |  33.3
        D:2 |     119 |       0 |   0.0 |      26 |       0 |   0.0
        D:3 |     128 |       4 |   3.0 |      14 |       3 |  17.6
        D:4 |     174 |       0 |   0.0 |      20 |       0 |   0.0
        D:5 |     803 |       0 |   0.0 |      18 |       0 |   0.0
        D:6 |     959 |     281 |  22.7 |      11 |       1 |   8.3
        D:7 |     307 |     201 |  39.6 |      10 |       1 |   9.1
        D:8 |    1263 |       0 |   0.0 |      30 |       0 |   0.0
        D:9 |    2304 |    1523 |  39.8 |      27 |       6 |  18.2
     Lair:1 |    2224 |       0 |   0.0 |      13 |       0 |   0.0
     Lair:2 |    7826 |     882 |  10.1 |      37 |       3 |   7.5
     Lair:3 |    4849 |     403 |   7.7 |      18 |      12 |  40.0
     Lair:4 |    2143 |       0 |   0.0 |       8 |       0 |   0.0
     Lair:5 |    5025 |       0 |   0.0 |      17 |       0 |   0.0
     Lair:6 |     313 |    5580 |  94.7 |       6 |       7 |  53.8
      Sewer |       0 |      53 | 100.0 |       0 |      16 | 100.0
            +---------+---------+-------+---------+---------+-------
